 Dungeon Crawl Stone Soup version 0.31-a0-246-g8cbcc1c (webtiles) character file.

Game seed: 15245508999548268278

2675 Dawnplanks the Grappler (level 9, -1/120 HPs)
             Began as a Troll Shapeshifter on July 12, 2023.
             Was a Follower of Elyvilon.
             Slain by a gnoll
             ... wielding a +2 spear of electrocution
              (18 damage)
             ... on level 3 of the Dungeon.
             The game lasted 00:10:08 (4934 turns).

Dawnplanks the Grappler (Troll Shapeshifter)        Turns: 4934, Time: 00:10:09

Health: -1/120     AC: 24    Str: 29    XL:     9   Next: 37%
Magic:  8/8        EV:  1    Int:  4    God:    Elyvilon [*.....]
Gold:   311        SH:  0    Dex: 10    Spells: 8/8 levels left

rFire   . .          .
                       - Unarmed
rCold   . . .        (no shield)
rNeg    . . .        a - melded +0 animal skin
rPois   +            (helmet currently unavailable)
rElec   .            (cloak currently unavailable)
rCorr   .            (gloves unavailable)
SInv    .            (boots unavailable)
Will    .....        x - amulet of regeneration
Stlth   +            (no ring)
HPRegen 2.00/turn    (no ring)
MPRegen 0.11/turn

%: no passive effects
@: tree-form
A: stationary, stasis, torment immunity, boosted hp, large, unfitting armour,
(claws 3), regeneration 1, (shaggy fur 1), (tough skin 1)
a: Renounce Religion, Purification


You were on level 3 of the Dungeon.
You worshipped Elyvilon.
Elyvilon was aware of your devotion.
You were a tree.
You visited 2 branches of the dungeon, and saw 9 of its levels.

You collected 311 gold pieces.

Inventory:

Hand Weapons
 y - a +4 dagger
Missiles
 h - 10 boomerangs (quivered)
 l - 3 silver boomerangs
Armour
 a - a +0 animal skin (melded)
Jewellery
 g - an amulet of magic regeneration
 s - a ring of fire
 x - an amulet of regeneration (around neck)
Talismans
 c - a beast talisman
Wands
 v - a wand of roots (3)
Scrolls
 d - a scroll of acquirement {unknown}
 e - 2 scrolls of torment {unknown}
 f - 2 scrolls of teleportation {unknown}
 i - 2 scrolls of brand weapon
 k - 2 scrolls of immolation {unknown}
 m - a scroll of amnesia
 o - 3 scrolls of poison {unknown}
 p - 2 scrolls of summoning {unknown}
 q - a scroll of blinking {unknown}
 t - 3 scrolls of revelation
 u - a scroll of enchant armour {unknown}
 w - a scroll of fog {unknown}
Potions
 b - a potion of lignification
 j - 2 potions of curing
 n - a potion of enlightenment
 r - 2 potions of attraction


   Skills:
 + Level 2.6 Fighting
 + Level 3.7 Dodging
 + Level 9.2 Unarmed Combat
 * Level 7.2 Shapeshifting


You had 8 spell levels left.
You didn't know any spells.
Your spell library contained the following spells:

 Spells                   Type           Power      Damage    Failure   Level
 Blink                    Tloc           0%         N/A       65%         2
 Cigotuvi's Dreadful Rot  Necr/Pois/Air  0%         N/A       65%         2
 Lesser Beckoning         Tloc           0%         N/A       65%         2
 Momentum Strike          Conj/Tloc      0%         3d8       65%         2
 Static Discharge         Conj/Air       0%         2-2/arc   65%         2
 Ignite Poison            Fire/Tmut/Pois 0%         N/A       86%         3
 Vhi's Electric Charge    Tloc/Air       0%         N/A       86%         3
 Airstrike                Air            0%         2d(0-16)  99%         4
 Summon Lightning Spire   Summ/Air       0%         N/A       99%         4
 Arcjolt                  Conj/Air       0%         1d10      100%        5
 Freezing Cloud           Conj/Ice/Air   0%         6-21      100%        5
 Maxwell's Capacitive Co  Air            0%         ∞         100%        8


Dungeon Overview and Level Annotations

Branches:
Dungeon (8/15)             Temple (1/1) D:5
   Lair: D:8-11

Altars:
Cheibriados
Dithmenos
Elyvilon
Fedhas
Gozag
Hepliaklqana
Kikubaaqudgha
Nemelex Xobeh
Okawaru
Qazlal
Sif Muna
Trog
Uskayaw
Vehumet
Wu Jian
Xom
Yredelemnul
Zin

Shops:
D:3 [

Annotations:
D:3 1 transporter, hatwer's ghost, weakling FeHW
D:4 exclusion: statue


Innate Abilities, Weirdness & Mutations

You are a tree.
Your roots penetrate the ground, keeping you stationary.
You cannot be teleported.
You are immune to unholy pain and torment.
Your maximum health is greatly increased.
Your equipment is partially melded.
You are too large for most types of armour.
((You have claws for hands.))
Your natural rate of healing is unusually fast.
((You are covered in fur. (AC +1)))
((You have tough skin. (AC +1)))


Message History

You feel very sick. The gnoll closely misses you.
The gnoll hits you from afar with a +1 halberd of venom!
You are more poisoned.
The gnoll hits you with a +0 flail. The gnoll hits you with a +0 whip.
The gnoll shouts!
Your transformation has ended.
You turn into a tree.
Your +0 animal skin melds into your body.
Your roots penetrate the ground.
You feel very sick. The gnoll hits you but does no damage.
The gnoll hits you from afar with a +1 halberd of venom!
* * * LOW HITPOINT WARNING * * *
The gnoll hits you but does no damage.
You smack the gnoll!
You kill the gnoll!
You feel very sick.
The gnoll hits you but does no damage. x2; The gnoll throws a throwing net.
The throwing net hits you.
You become entangled in the net!
The gnoll hits you but does no damage.
You tear a large gash into the net.
You feel very sick.
The gnoll hits you from afar with a +2 spear of electrocution.
* * * LOW HITPOINT WARNING * * *
The gnoll hits you from afar with a +1 halberd of venom.
* * * LOW HITPOINT WARNING * * *
The gnoll hits you but does no damage. The gnoll hits you with a +0 whip.
* * * LOW HITPOINT WARNING * * *
You feel better.
The gnoll hits you but does no damage. x4
As you read the scroll labelled KUCWODGHITOA, it crumbles to dust.
You feel aware of your surroundings.
It was a scroll of revelation.
The gnoll hits you but does no damage.
The gnoll hits you from afar with a +1 halberd of venom!
* * * LOW HITPOINT WARNING * * *
The gnoll hits you but does no damage. x2
Found a short sword.
You shred the net and break free! The gnoll hits you but does no damage.
You are electrocuted!!
You die...

....≈≈≈≈≈≈≈≈≈≈≈≈~≈≈≈≈≈≈≈≈≈≈≈≈.###
....≈≈≈≈≈≈≈≈≈≈≈≈~≈≈≈≈≈≈≈≈≈≈≈≈.##.
....≈≈#####...........#####≈≈....
.#).≈≈#.8.#.###.©.###.#.8.#≈≈....
....≈≈#g..###.#####©###...#≈≈..##
.##.≈≈###.......gg......###≈≈.###
....≈≈.8#.######g######.#8.≈≈....
....≈≈.##.#.⌠.#..8#=.$#.##.≈≈.##.
....~~.#..'...g.♣)#:.$'..#.~~....
....≈≈.##.#.⌠.#g.8#).$#.##.≈≈.##.
....≈≈.8#.######g######.#8.≈≈.##.
.##.≈≈###...............###≈≈.##.
....≈≈#...###.#####.###...#≈≈.##.
.#..≈≈#g8.#.###.©.###.#.8.#≈≈.##.
.#..≈≈#####...........#####≈≈....
.##.≈≈≈≈≈≈≈≈≈≈≈...≈≈≈≈≈≈≈≈≈≈≈..#.
.##.≈≈≈≈≈≈≈≈≈≈≈...≈≈≈≈≈≈≈≈≈≈≈..#.


You could see 6 gnolls.

Vanquished Creatures
  An orc warrior (D:7)
  A sky beast (D:7)
  4 black bears
  3 ice beasts (D:7)
  2 ogres
  2 phantoms
  4 bullfrogs
  5 scorpions
  5 wights (D:7)
  An electric eel (D:7)
  A howler monkey (D:4)
  A hound (D:4)
  5 orc priests
  A jelly (D:5)
  3 iguanas
  Terence (D:3)
  2 sleepcaps
  Natasha (twice) (D:2)
  2 orc wizards
  A gnoll (D:3)
  6 adders
  2 shadow imps (D:6)
  2 worms
  7 dart slugs
  21 orcs
  6 ball pythons
  5 bats
  8 endoplasms
  2 giant cockroaches
  5 goblins
  4 hobgoblins
  9 jackals
  2 quokkas
  3 frilled lizards
  6 kobolds
  4 rats
139 creatures vanquished.

Notes
Turn   | Place    | Note
-------+----------+-------------------------------------------
     0 | D:1      | Dawnplanks the Troll Shapeshifter began the quest for the
                  | Orb.
     0 | D:1      | Reached XP level 1. HP: 19/19 MP: 0/0
    80 | D:1      | Reached XP level 2. HP: 24/28 MP: 1/1
   327 | D:1      | Reached XP level 3. HP: 35/35 MP: 2/2
   476 | D:2      | Found a radiant altar of Vehumet.
   840 | D:2      | Noticed Natasha
   850 | D:2      | Killed Natasha
   851 | D:2      | Reached skill level 3 in Unarmed Combat
   851 | D:2      | Reached XP level 4. HP: 33/42 MP: 3/3
   925 | D:2      | Noticed Natasha
   928 | D:2      | Killed Natasha
  1179 | D:3      | Found a transporter.
  1230 | D:3      | Found an opulent altar of Gozag.
  1276 | D:3      | Noticed hatwer's ghost (weakling FeHW)
  1328 | D:3      | Found a transporter.
  1436 | D:3      | Noticed Terence
  1439 | D:3      | Killed Terence
  1440 | D:3      | Reached XP level 5. HP: 44/49 MP: 4/4
  1448 | D:3      | Found Eriemmim's Armour Shop.
  1917 | D:4      | Noticed a black bear
  1929 | D:4      | Killed a black bear
  1930 | D:4      | Reached skill level 4 in Unarmed Combat
  1940 | D:4      | Reached XP level 6. HP: 57/57 MP: 5/5
  2162 | D:4      | Reached skill level 5 in Shapeshifting
  2360 | D:4      | Reached XP level 7. HP: 62/63 MP: 6/6
  2365 | D:4      | Reached skill level 5 in Unarmed Combat
  2484 | D:4      | Found a radiant altar of Vehumet.
  2731 | D:5      | Entered Level 5 of the Dungeon
  2814 | D:5      | Found a hide-covered altar of Uskayaw.
  2909 | D:5      | Reached skill level 6 in Unarmed Combat
  3011 | D:5      | Found a staircase to the Ecumenical Temple.
  3023 | Temple   | Entered the Ecumenical Temple
  3082 | Temple   | Became a worshipper of Elyvilon the Healer
  3342 | D:6      | Reached XP level 8. HP: 68/72 MP: 7/7
  3535 | D:6      | Reached skill level 7 in Unarmed Combat
  3596 | D:6      | Reached * piety under Elyvilon
  3819 | D:6      | Found an iron altar of Okawaru.
  3819 | D:6      | Found a sparkling altar of Nemelex Xobeh.
  3971 | D:7      | Reached skill level 8 in Unarmed Combat
  4000 | D:7      | Reached XP level 9. HP: 80/80 MP: 8/8
  4490 | D:7      | Reached skill level 9 in Unarmed Combat
  4934 | D:3      | Slain by a gnoll

Illustrated notes

Levels and vault maps discovered:
D:1:      tarquinn_simple_flora_water_d, layout_basic, minmay_misc_feat_alley,
          chequers_serial_rivers_micro_e
D:2:      layout_basic, basic_altar, uniq_natasha
D:3:      layout_basic, mainiacjoe_overflow_six_doors_small, serial_shops,
          nicolae_shop_rolling_square, gammafunk_ghost_gnarly_gnolls,
          minmay_misc_feat_iff, uniq_terence
D:4:      layout_basic, vehumet_statue, minmay_vboxes
D:5:      layout_cave_pools, nicolae_uskayaw_dance_hall,
          minmay_temple_entry_glassed_door, chequers_garden,
          hangedman_decor_lopped
D:6:      layout_rooms, gammafunk_temple_overflow_elements
D:7:      layout_loops_ring, chequers_serial_rivers_room_a,
          kennysheep_generic_room_2
D:8:      nicolae_moon_pools, layout_basic, cheibrodos_ashenzari_chains,
          nicolae_tso_swordbearing_angel, mainiacjoe_overflow_big_doors,
          minmay_manual_mail
Temple:   nicolae_temple_god_jail

Skill      XL: |  1  2  3  4  5  6  7  8  9 |
---------------+----------------------------+-----
Unarmed Combat | 3 4 6 8 9 |  9.2
Shapeshifting  | 4 5 6 7 |  7.2
Dodging        | 2 3 |  3.7
Fighting       | 2 |  2.6

Action                     |  1- 3 |  4- 6 |  7- 9 || total
---------------------------+-------+-------+-------++-------
  Melee: Unarmed           |    69 |    66 |   123 ||   258
         Punch             |     3 |     2 |     6 ||    11
  Throw: Boomerang         |       |       |     2 ||     2
    Use: Potion            |       |     1 |     2 ||     3
         Scroll            |       |       |     6 ||     6
   Stab: Sleeping          |     1 |     2 |       ||     3
 Armour: Animal skin       |    27 |    12 |    21 ||    60
         Skin              |       |    27 |    14 ||    41
  Dodge: Dodged            |    42 |    20 |    35 ||    97

Table legend: (Time is in decaauts)
 A = Elapsed time spent in this place.
 B = Non-inter-level travel time spent in this place.
 C = Inter-level travel time spent in this place.
 D = Time resting spent in this place.
 E = Time spent auto-exploring this place.
 F = Levels seen in this place.
 G = Mean time per level.
                   A        B        C        D        E       F      G
               +--------+--------+--------+--------+--------+-----+--------+
         Total |   4918 |   4600 |    318 |    184 |   3689 |   9 |  546.4 |
       Dungeon |   4849 |   4557 |    292 |    184 |   3659 |   8 |  606.1 |
        Temple |     68 |     42 |     26 |      0 |     30 |   1 |   68.0 |
               +--------+--------+--------+--------+--------+-----+--------+

Top non-repeatable levels by time:
     D:4: 892 daAuts
     D:7: 881 daAuts
     D:3: 773 daAuts
     D:2: 697 daAuts
     D:6: 601 daAuts
     D:5: 548 daAuts
     D:1: 441 daAuts
  Temple: 68 daAuts
     D:8: 12 daAuts
